 Seeded DCSS version 0.26.1-10-gdfb7c7de75 (webtiles) character file.

Game seed: 18021948256481004512 (custom seed)

100 OhItsWolfy the Chopper (level 4, -2/41 HPs)
             Began as a Hill Orc Fighter on Apr 2, 2021.
             Slain by a gnoll
             ... wielding a +0 spear
              (3 damage)
             ... on level 2 of the Dungeon.
             The game lasted 00:02:24 (1445 turns).

OhItsWolfy the Chopper (Hill Orc Fighter)           Turns: 1445, Time: 00:02:25

Health: -2/41      AC: 10    Str: 19    XL:     4   Next: 74%
Magic:  4/4        EV:  5    Int:  8    God:
Gold:   136        SH: 14    Dex: 10    Spells: 3/3 levels left

rFire    . . .     SeeInvis .   a - +0 war axe
rCold    . . .     Faith    .   c - +0 kite shield
rNeg     . . .     Spirit   .   f - +0 chain mail
rPois    .         Reflect  +   r - +0 helmet
rElec    .         Harm     .   (no cloak)
rCorr    .         Rampage  .   (no gloves)
Will     .....                  (no boots)
Stlth    ..........             o - amulet of reflection
HPRegen  0.13/turn              (no ring)
MPRegen  0.09/turn              (no ring)

@: no status effects
A: no striking features
a: no special abilities


You were on level 2 of the Dungeon.
You visited 1 branch of the dungeon, and saw 2 of its levels.

You collected 136 gold pieces.

Inventory:

Hand Weapons
 a - a +0 war axe (weapon)
Missiles
 i - a throwing net (quivered)
Armour
 b - a +0 scale mail
 c - a +0 kite shield (worn)
 f - a +0 chain mail (worn)
 r - a +0 helmet (worn)
Jewellery
 m - an uncursed ring of flight
 o - an amulet of reflection (around neck)
Scrolls
 e - 3 scrolls of identify {unknown}
 g - a scroll of blinking {unknown}
 j - 5 scrolls of remove curse {unknown}
 l - 3 scrolls of magic mapping {unknown}
 p - 2 scrolls of teleportation {unknown}
Potions
 d - a potion of might
 h - 2 potions of heal wounds {unknown}
 k - a potion of lignification {unknown}
 n - 2 potions of flight {unknown}
 q - a potion of berserk rage {unknown}
 s - a potion of magic {unknown}


   Skills:
 + Level 4.4 Fighting
 * Level 4.9 Axes
 + Level 4.0 Armour
 - Level 3.2 Shields


You had 3 spell levels left.
You didn't know any spells.
Your spell library was empty.

Dungeon Overview and Level Annotations

Branches:
Dungeon (2/15)

Altars:
Ashenzari
Vehumet
Xom


Message History

You closely miss the gnoll.
The gnoll is lightly wounded.
The gnoll hits you from afar with a +0 spear.
The gnoll hits you but does no damage.
You closely miss the gnoll.
The gnoll is lightly wounded.
The gnoll hits you from afar with a +0 spear.
The gnoll hits you with a +0 flail.
* * * LOW HITPOINT WARNING * * *
The gnoll hits you from afar with a +0 spear.
* * * LOW HITPOINT WARNING * * *
You hit the gnoll.
The gnoll is lightly wounded.
You block the gnoll's attack. The gnoll hits you but does no damage.
Your shield prevents you from hitting the gnoll.
The gnoll is lightly wounded.
The gnoll hits you with a +0 flail!
* * * LOW HITPOINT WARNING * * *
The gnoll hits you from afar with a +0 spear.
You die...

...........##.#.# #.#..
>...........#.#.# #.##.
............#.#.# ##.##.
............#.#.###...#.
######.#...#.#.......#.
#.##..#.###.....#.
######..##....#......#.
###......#.##..........#.
#.....##@#..##......[..##
..... #g#...##........##
..... #g#....#.........#
####.##.#....#..........
#.......##...#........##
#........##..#........##
#......#..##.#..........
#..........##........###
#......###..##.......# #


You could see 2 gnolls.

Vanquished Creatures
  2 gnolls (D:2)
  3 adders (D:2)
  3 oozes
  A dart slug (D:1)
  3 leopard geckos (D:1)
  3 bats
  3 giant cockroaches (D:1)
  2 goblins (D:2)
  5 hobgoblins (D:1)
  4 kobolds (D:1)
  A frilled lizard (D:1)
  10 rats
40 creatures vanquished.

Vanquished Creatures (others)
  67 plants (D:1)
67 creatures vanquished.

Grand Total: 107 creatures vanquished

Notes
Turn   | Place    | Note
-------+----------+-------------------------------------------
     0 | D:1      | OhItsWolfy the Hill Orc Fighter began the quest for the
                  | Orb.
     0 | D:1      | Reached XP level 1. HP: 19/19 MP: 1/1
    98 | D:1      | HP: 1/20 [leopard gecko (3)]
    99 | D:1      | Reached XP level 2. HP: 2/27 MP: 2/2
   434 | D:1      | Reached XP level 3. HP: 29/33 MP: 3/3
   507 | D:1      | Found an ancient bone altar of Kikubaaqudgha.
   511 | D:1      | Found an ancient bone altar of Kikubaaqudgha.
   511 | D:1      | Found a radiant altar of Vehumet.
   513 | D:1      | Found a shimmering altar of Xom.
   513 | D:1      | Found a broken altar of Ashenzari.
   513 | D:1      | Found a radiant altar of Vehumet.
   995 | D:2      | Found a faded altar of an unknown god.
  1046 | D:2      | Reached XP level 4. HP: 40/40 MP: 4/4
  1445 | D:2      | HP: 1/41 [gnoll/+0 flail (8)]
  1445 | D:2      | Slain by a gnoll

Illustrated notes

Levels and vault maps discovered:
D:1:      roderic_crop_circles_arrival_small, layout_rooms, serial_glass,
          glass_columns_a, glass_columns_a, item_on_display_a, feat_on_display,
          feat_on_display, chequers_serial_rivers_micro_d, st_stairs_12,
          doesnt_xom_only_xom
D:2:      layout_basic, chequers_ecumenical_altar_twisty, minmay_parallelograms,
          minmay_rat_hole, uniq_crazy_yiuf_cottage

Skill      XL: |  1  2  3  4 |
---------------+-------------+-----
Axes           | 3 4 |  4.9
Fighting       | 4 |  4.4
Armour         | 4 |  4.0
Shields        | |  3.2

Action                   |  1- 3 |  4- 6 || total
-------------------------+-------+-------++-------
Melee: War axe           |    79 |    36 ||   115
Armor: Chain mail        |    40 |    21 ||    61
       Scale mail        |     1 |       ||     1
Dodge: Dodged            |    17 |     5 ||    22
Block: Kite shield       |    48 |    27 ||    75
